 Dungeon Crawl Stone Soup version 0.20-a0-903-g7e3609c (webtiles) character file.

3 Goblin1989 the Covered (level 1, 0/18 HPs)
             Began as a Barachi Fighter on Mar 20, 2017.
             Slain by a leopard gecko (2 damage)
             ... on level 2 of the Dungeon.
             The game lasted 00:00:40 (204 turns).

Goblin1989 the Covered (Barachi Fighter)             Turns: 204, Time: 00:00:41

Health: 0/18       AC:  6    Str: 17    XL:     1   Next: 50%
Magic:  1/1        EV:  7    Int:  8    God:
Gold:   0          SH:  9    Dex: 11    Spells: 0/0 levels left

rFire    . . .     SeeInvis .   a - +0 flail
rCold    . . .     Gourm    .   b - +0 scale mail
rNeg     . . .     Faith    .   c - +0 shield
rPois    .         Spirit   .   (no helmet)
rElec    .         Reflect  .   (no cloak)
rCorr    .         Harm     .   (no gloves)
MR       .....                  (no boots)
Stlth    ..........             (no amulet)
Regen    0.1/turn               (no ring)
MPRegen  0.1/turn               (no ring)

@: can't hop, slow
A: +LOS, swims, slowness 1, strong legs 1
a: Hop


You were on level 2 of the Dungeon.
You were not hungry.

You visited 1 branch of the dungeon, and saw 2 of its levels.

Inventory:

Hand Weapons
 a - a +0 flail (weapon)
Armour
 b - a +0 scale mail (worn)
 c - a +0 shield (worn)
 h - a +0 helmet
Potions
 d - a potion of might
 g - a potion of invisibility {unknown}
Comestibles
 e - a bread ration {@e1}
 f - 2 chunks of flesh


   Skills:
 - Level 3.6 Fighting
 + Level 2.5 Maces & Flails
 - Level 3.6 Armour
 - Level 3.2 Shields


You couldn't memorise any spells.
You didn't know any spells.

Dungeon Overview and Level Annotations

Branches:
Dungeon (2/15)

Altars:


Innate Abilities, Weirdness & Mutations

Shadows flee at your approach. (+LOS)
You can swim through water.
You cover ground slowly.
You can hop short distances.


Message History

No target in view!
No target in view!
No target in view!
No target in view!
No target in view!
No target in view!
No target in view!
No target in view!
No target in view!
No target in view!
No target in view!
No target in view!
No target in view!
No target in view!
No target in view!
No target in view!
No target in view!
No target in view!
No target in view!
No target in view!
No target in view!
No target in view!
g - a black potion
h - a helmet
There is a stone staircase leading down here.
A ball python comes into view.
The ball python hisses angrily.
A leopard gecko comes into view.
There are monsters nearby!
The leopard gecko hisses angrily.
You hit the ball python.
The ball python is moderately wounded.
You block the ball python's attack. The ball python closely misses you.
The ball python bites you. The ball python grabs you.
The ball python constricts you.
A leopard gecko comes into view.
You take 2 damage, and have 16/18 hp.
The leopard gecko hisses angrily.
You hit the ball python.
You kill the ball python!
You hit the leopard gecko.
The leopard gecko is severely wounded.
You block the leopard gecko's attack. The leopard gecko bites you.
Your shield and scale mail prevent you from hitting the leopard gecko.
The leopard gecko is severely wounded.
The leopard gecko bites you.
The leopard gecko bites you but does no damage.
The leopard gecko barely misses you.
You barely miss the leopard gecko.
The leopard gecko is severely wounded.
The leopard gecko barely misses you. The leopard gecko bites you.
The leopard gecko bites you but does no damage.
You closely miss the leopard gecko.
The leopard gecko is severely wounded.
The leopard gecko bites you.
* * * LOW HITPOINT WARNING * * *
You block the leopard gecko's attack. x2
The leopard gecko bites you but does no damage.
You take 9 damage, and have 7/18 hp.
MASSIVE DAMAGE!!
You are too injured to fight recklessly!
You are too injured to fight recklessly!
You are too injured to fight recklessly!
You are too injured to fight recklessly!
You are too injured to fight recklessly!
You are too injured to fight recklessly!
You are too injured to fight recklessly!
You are too injured to fight recklessly!
You are too injured to fight recklessly!
You are too injured to fight recklessly!
You are too injured to fight recklessly!
You are too injured to fight recklessly!
You are too injured to fight recklessly!
You are too injured to fight recklessly!
You are too injured to fight recklessly!
You are too injured to fight recklessly!
You are too injured to fight recklessly!
Okay, then.
Okay, then.
Okay, then.
You barely miss the leopard gecko.
The leopard gecko is severely wounded.
The leopard gecko bites you.
* * * LOW HITPOINT WARNING * * *
The leopard gecko bites you.
* * * LOW HITPOINT WARNING * * *
The leopard gecko bites you but does no damage.
You take 5 damage, and have 2/18 hp.
MASSIVE DAMAGE!!
Hop to where?
Press: ? - help, Dir - move target cursor Boing!
There is a stone staircase leading down here.
The leopard gecko closely misses you.
You climb downwards.
There is a stone staircase leading up here.
Your shield and scale mail prevent you from hitting the leopard gecko.
The leopard gecko bites you but does no damage.
You block the leopard gecko's attack.
You completely miss the leopard gecko. The leopard gecko bites you.
You die... ████

█..█ █@█
█l...█
..█..█
.███....
█.


████ █ You could see a leopard gecko.

Vanquished Creatures
  A hobgoblin (D:1)
  A ball python (D:1)
  A kobold (D:1)
  A rat (D:1)
4 creatures vanquished.

Notes
Turn   | Place    | Note
-------+----------+-------------------------------------------
     0 | D:1      | Goblin1989 the Barachi Fighter began the quest for the Orb.
     0 | D:1      | Reached XP level 1. HP: 18/18 MP: 1/1
   204 | D:2      | Slain by a leopard gecko

Vault maps used:
D:1:      dpeg_arrival_rhombi
D:2:      nicolae_overflow_crystal_walls, old_standard_altar, first_bread,
          minmay_tetromino_t4

Action                   || total
-------------------------++-------
Melee: Flail             ||    19
 Abil: Hop               ||     1
Armor: Scale mail        ||    10
Dodge: Dodged            ||     6
Block: Shield            ||     9

Vault maps used:
D:1:      dpeg_arrival_rhombi
D:2:      nicolae_overflow_crystal_walls, old_standard_altar, first_bread,
          minmay_tetromino_t4
